 Dungeon Crawl Stone Soup version 0.22-a0-298-g92d99f377c (webtiles) character file.

420 Manul the Covert (level 6, -7/41 HPs)
             Began as an Octopode Assassin on Mar 25, 2018.
             Mangled by an ice beast (12 damage)
             ... on level 3 of the Dungeon.
             The game lasted 00:04:11 (3459 turns).

Manul the Covert (Octopode Assassin)                Turns: 3459, Time: 00:04:11

Health: -7/41      AC:  1    Str: 15    XL:     6   Next: 94%
Magic:  15/15      EV: 14    Int: 16    God:
Gold:   253        SH:  0    Dex: 16    Spells: 5/5 levels left

rFire    . . .     SeeInvis .   a - +2 dagger
rCold    . . .     Gourm    .   (no shield)
rNeg     . . .     Faith    .   (helmet restricted)
rPois    .         Spirit   .   (no amulet)
rElec    .         Reflect  .   o - ring of magical power
rCorr    .         Harm     .   u - +3 ring of intelligence
MR       .....                  (no ring)
Stlth    +++++.....             (no ring)
HPRegen  0.13/turn              (no ring)
MPRegen  0.14/turn              (no ring)
                                (no ring)
                                (no ring)

@: mighty
A: almost no armour, stealthy swim, amphibious, 8 rings, constrict 8, camouflage
1, gelatinous body 1
a: no special abilities


You were on level 3 of the Dungeon.
You were not hungry.

You visited 1 branch of the dungeon, and saw 3 of its levels.
You also visited: Sewer.

You collected 253 gold pieces.

Inventory:

Hand Weapons
 a - a +2 dagger (weapon)
 b - a +0 blowgun
 g - a +2 antimagic trident
Missiles
 c - 8 poisoned needles
 d - 2 curare-tipped needles
Jewellery
 o - a ring of magical power (left tentacle)
 u - a +3 ring of intelligence (right tentacle)
Wands
 e - a wand of iceblast (5)
 w - a wand of enslavement (5)
Scrolls
 h - 6 scrolls of teleportation {unknown}
 i - a scroll of random uselessness {unknown}
 j - 3 scrolls of remove curse
 q - 2 scrolls of fog
 r - a scroll of blinking {unknown}
 t - a scroll of magic mapping {unknown}
 v - a scroll of fear {unknown}
Potions
 k - a potion of degeneration {unknown}
Comestibles
 f - 6 rations
 l - 3 chunks of flesh


   Skills:
 + Level 2.9 Fighting
 + Level 3.9 Short Blades
 + Level 2.2 Throwing
 + Level 2.1 Dodging
 + Level 9.0 Stealth


You had 5 spell levels left.
You didn't know any spells.

Dungeon Overview and Level Annotations

Branches:
Dungeon (3/15)

Altars:


Innate Abilities, Weirdness & Mutations

You cannot wear most types of armour.
You are very stealthy in the water. (Stealth+)
You are amphibious.
You can wear up to eight rings at the same time.
You can use your tentacles to constrict eight enemies at once.
Your skin changes colour to match your surroundings (Stealth+).
Your rubbery body absorbs attacks. (AC +1, EV +1)


Message History

You hit the ice beast but do no damage.
The ice beast is lightly wounded.
The ice beast hits you. The ice beast freezes you!
* * * LOW HITPOINT WARNING * * *
You are too injured to fight recklessly!
You are too injured to fight recklessly!
You are too injured to fight recklessly!
You are too injured to fight recklessly!
You are too injured to fight recklessly!
You are too injured to fight recklessly!
You are too injured to fight recklessly!
Okay, then.
You feel very mighty all of a sudden. The ice beast misses you.
You puncture the ice beast! You squeeze the ice beast.
The ice beast is heavily wounded.
The ice beast hits you.
* * * LOW HITPOINT WARNING * * *
The ice beast freezes you!
You die...

######### #.......#
#.#####)# ###
#.#####.######.##
#####..#......รท......
####.###...#....##.######.##
.........#Y@.......# #.#
.###.###..l#...##### #.#
######.## #.# #.# ##.## #.#
#...# ##'## #.... ##...##
#.... ##.(...## #####.
##.......## ##.###.


You could see an ice beast and a frilled lizard.

Vanquished Creatures
  Purgy (Sewer)
  The ghost of Manul the Twirler, an amateur DsGl (D:3)
  Natasha (thrice) (D:2)
  Robin (D:2)
  4 adders
  A river rat (D:3)
  4 worms
  2 dart slugs (D:1)
  3 leopard geckos
  4 orcs (D:3)
  15 bats
  8 giant cockroaches
  13 hobgoblins
  3 jackals (D:3)
  A quokka (D:2)
  3 ball pythons
  9 frilled lizards
  11 goblins
  4 kobolds
  8 rats
99 creatures vanquished.

Notes
Turn   | Place    | Note
-------+----------+-------------------------------------------
     0 | D:1      | Manul the Octopode Assassin began the quest for the Orb.
     0 | D:1      | Reached XP level 1. HP: 14/14 MP: 1/1
    51 | D:1      | Reached XP level 2. HP: 19/19 MP: 2/2
   124 | D:1      | Reached skill level 6 in Stealth
   571 | D:1      | Reached XP level 3. HP: 24/24 MP: 3/3
  1145 | D:2      | Noticed Robin
  1224 | D:1      | Reached skill level 7 in Stealth
  1483 | D:2      | Killed Robin
  1483 | D:2      | Reached XP level 4. HP: 6/29 MP: 0/4
  1821 | D:2      | Noticed Natasha
  1825 | D:2      | Killed Natasha
  1994 | D:2      | Noticed Natasha
  2002 | D:2      | Killed Natasha
  2002 | D:2      | Reached XP level 5. HP: 29/34 MP: 5/5
  2039 | D:2      | Noticed Natasha
  2052 | D:2      | Killed Natasha
  2052 | D:2      | Reached skill level 8 in Stealth
  2746 | D:3      | Found a glowing drain.
  2794 | Sewer    | Entered a sewer
  2810 | Sewer    | Noticed Purgy
  2814 | Sewer    | Killed Purgy
  2814 | Sewer    | Reached XP level 6. HP: 32/41 MP: 6/6
  3292 | D:3      | Noticed Manul's ghost (amateur DsGl)
  3306 | D:3      | HP: 1/41 [Manul's ghost (13)]
  3322 | D:3      | Killed Manul's ghost
  3322 | D:3      | Reached skill level 9 in Stealth
  3447 | D:3      | Noticed an ice beast
  3459 | D:3      | Mangled by an ice beast

Vault maps used:
D:1:      minmay_arrival_solitary_statue
D:2:      first_ration, uniq_robin, uniq_natasha
D:3:      portal_sewer_entry_e, kennysheep_generic_room_15
Sewer:    sewer_co_purgy_island

Skill      XL: |  1  2  3  4  5  6 |
---------------+-------------------+-----
Stealth        | 6 7 8 9 |  9.0
Short Blades   | 3 |  3.9
Dodging        | 2 |  2.1
Fighting       | |  2.9
Throwing       | |  2.2

Action                   |  1- 3 |  4- 6 || total
-------------------------+-------+-------++-------
Melee: Dagger            |    78 |   140 ||   218
       Constrict         |    17 |    28 ||    45
       Tentacles         |    14 |    27 ||    41
  Use: Potion            |     2 |     5 ||     7
       Scroll            |       |     4 ||     4
 Stab: Sleeping          |    16 |    17 ||    33
       Distracted        |     1 |       ||     1
  Eat: Chunk             |     1 |     7 ||     8
Armor: Skin              |    11 |     6 ||    17
Dodge: Dodged            |    29 |    76 ||   105

Table legend:
 A = Spawn XP
 B = Non-spawn XP
 C = Spawn XP percentage of total XP
 D = Spawn monster count
 E = Non-spawn monster count
 F = Spawn count percentage of total count
 G = Total turns spent on level
                    A         B        C        D         E        F      G
               +---------+---------+-------+---------+---------+-------+---------
         Total |       0 |     600 |   0.0 |       0 |      99 |   0.0 |  3459
               +---------+---------+-------+---------+---------+-------+---------
           D:1 |       0 |      43 |   0.0 |       0 |      25 |   0.0 |  1242
           D:2 |       0 |     203 |   0.0 |       0 |      37 |   0.0 |  1088
           D:3 |       0 |     220 |   0.0 |       0 |      34 |   0.0 |  1070
         Sewer |       0 |     134 |   0.0 |       0 |       3 |   0.0 |    59
               +---------+---------+-------+---------+---------+-------+---------
